WCHLSIM.com - West Coast Hockey League
html PUBLIC "-//W3C//DTD XHTML 1.0 Transitional//EN" "http://www.w3.org/TR/xhtml1/DTD/xhtml1-transitional.dtd"> WCHL - Game 775 - ANAHEIM OUTLAWS vs COLORADO GLACIERCATS

ANAHEIM OUTLAWS vs COLORADO GLACIERCATS

Created - 31 janvier 2024 at 20:53

Goals
1 2 3 T
ANAHEIM OUTLAWS 0 1 0 1
COLORADO GLACIERCATS 0 1 2 3
Shots
1 2 3 T
ANAHEIM OUTLAWS 6 8 7 21
COLORADO GLACIERCATS 9 9 11 29

1st period

No Goal

Penalties :
Vladislav Gavrikov (COL) for Interference (Minor) at 5:12, Trevor Moore (COL) for Interference (Minor) at 8:56

2nd period

1. ANAHEIM OUTLAWS , Carter Verhaeghe 16 (Adrian Kempe 25, Noah Hanifin 30) at 4:16
2. COLORADO GLACIERCATS , Tage Thompson 18 (Devon Toews 27, Kristopher Letang 21) at 16:10

Penalties :
No Penalty

3rd period

3. COLORADO GLACIERCATS , Vince Dunn 3 (Tomas Hertl 32, Trevor Moore 10) at 0:44
4. COLORADO GLACIERCATS , Alexander Wennberg 10 (Mario Ferraro 6) at 6:20

Penalties :
Noah Hanifin (ANA) for Elbowing (Minor) at 7:35

Goalie Stats

Jacob Markstrom (ANA), 26 saves from 29 shots - (0,897), L, 23-21-5, 60:00 minutes
Andrei Vasilevskiy (COL), 20 saves from 21 shots - (0,952), W, 30-9-3, 60:00 minutes

Players Stats for ANAHEIM OUTLAWS

Player Name              G  A  P  +/- PIM S  H  SB GA TA FO     MP     PP MP  PK MP  
------------------------------------------------------------------------------------
Adrian Kempe             0  1  1   0  0   1  1  0  0  0  7/12   17:01   0:00   0:00 
Carter Verhaeghe         1  0  1   0  0   4  0  0  0  0  0/0    17:01   0:00   0:00 
David Gustafsson         0  0  0   0  0   0  0  0  0  0  0/0     6:34   0:00   0:00 
Evgeny Kuznetsov         0  0  0   0  0   3  1  0  0  0  2/3    21:07   2:20   1:22 
Henri Jokiharju          0  0  0   1  0   0  0  1  0  0  0/0    19:43   2:01   1:15 
Ian Mitchell             0  0  0  -2  0   0  0  2  0  0  0/0    17:08   0:00   0:40 
Jack Quinn               0  0  0  -2  0   1  1  0  0  0  0/0    14:24   0:00   0:00 
Jacob Trouba             0  0  0  -1  0   2  3  1  0  0  0/0    21:06   1:57   1:19 
Jeff Skinner             0  0  0   0  0   2  0  0  0  0  2/3    19:40   1:38   0:37 
Kent Johnson             0  0  0  -2  0   1  1  0  0  0  0/1    16:03   1:38   1:22 
Kevin Fiala              0  0  0   0  0   1  0  0  0  0  1/10    8:12   1:38   0:00 
Michael Bunting          0  0  0   0  0   1  2  0  0  0  0/0    18:37   2:20   0:37 
Michael Rasmussen        0  0  0   0  0   3  2  0  0  0  13/24  19:45   2:20   0:00 
Morgan Rielly            0  0  0  -1  0   1  0  1  0  0  0/0    23:49   1:57   0:44 
Noah Hanifin             0  1  1   1  2   0  2  1  0  0  0/0    21:45   2:01   0:00 
Pierre Engvall           0  0  0   0  0   0  1  0  0  0  0/0     6:34   0:00   0:00 
Pius Suter               0  0  0  -2  0   1  0  0  0  0  4/13   13:03   0:00   0:00 
Rasmus Ristolainen       0  0  0  -2  0   0  2  2  0  0  0/0    16:28   0:00   0:00 

Players Stats for COLORADO GLACIERCATS

Player Name              G  A  P  +/- PIM S  H  SB GA TA FO     MP     PP MP  PK MP  
------------------------------------------------------------------------------------
Adam Ruzicka             0  0  0   1  0   0  1  0  0  0  1/2     3:15   0:00   0:00 
Alexander Wennberg       1  0  1   1  0   2  0  0  0  0  9/18   16:01   0:00   1:54 
Anze Kopitar             0  0  0   0  0   6  0  1  0  0  12/17  21:05   0:53   2:04 
Bryan Rust               0  0  0   1  0   2  0  0  0  0  1/1    17:07   1:06   1:54 
Cole Perfetti            0  0  0   1  0   0  1  0  0  0  0/1    14:07   0:00   0:00 
Devon Toews              0  1  1   1  0   0  2  2  0  0  0/0    23:56   1:09   2:01 
Dylan Samberg            0  0  0   0  0   0  1  1  0  0  0/0    12:42   0:00   0:00 
Jamie Benn               0  0  0   0  0   2  1  0  0  0  0/0    19:14   1:06   0:00 
Kristopher Letang        0  1  1   1  0   1  2  0  0  0  0/0    24:12   1:09   2:17 
Leon Draisaitl           0  0  0   0  0   1  1  1  0  0  12/21  19:26   0:53   0:00 
Mario Ferraro            0  1  1   0  0   2  1  1  0  0  0/0    14:23   0:00   1:41 
Matt Martin              0  0  0   0  0   0  0  0  0  0  0/0     0:00   0:00   0:00 
Nino Niederreiter        0  0  0   1  0   0  0  0  0  0  0/1     3:15   0:00   0:00 
Tage Thompson            1  0  1   1  0   3  1  0  0  0  0/1    22:16   0:53   0:00 
Tomas Hertl              0  1  1   0  0   4  5  0  0  0  2/3    21:43   1:06   2:04 
Trevor Moore             0  1  1   0  2   1  0  0  0  0  0/1    18:32   0:00   0:00 
Vince Dunn               1  0  1   1  0   4  0  0  0  0  0/0    22:26   0:50   1:01 
Vladislav Gavrikov       0  0  0   1  2   1  0  1  0  0  0/0    22:20   0:50   0:56 

3 Stars

1 - Tage Thompson (COL)
2 - Vince Dunn (COL)
3 - Alexander Wennberg (COL)

Power Play

ANAHEIM OUTLAWS - 0 on 2 Attempt(s) - 0,00%
COLORADO GLACIERCATS - 0 on 1 Attempt(s) - 0,00%

Penalty Kill

ANAHEIM OUTLAWS - 1 on 1 Attempt(s) - 100,00% - Score 0 goal in Penalty Kill
COLORADO GLACIERCATS - 2 on 2 Attempt(s) - 100,00% - Score 0 goal in Penalty Kill

Team Stat

ANAHEIM OUTLAWS - Hits : 16 - Faceoff Wins : 29 - Blocked Shots : 8 - Penalty Minutes : 2
COLORADO GLACIERCATS - Hits : 16 - Faceoff Wins : 37 - Blocked Shots : 7 - Penalty Minutes : 4

Official

Referees : Mike Duco and Justin Kea
Linesman : Darren Gibbs and Brent Colby

Game Notes

No Game Note

Finance

Level 1 -- Attendance: 7172 (82,44%) -- Ticket Income 1 147 520 $
Level 2 -- Attendance: 5860 (97,67%) -- Ticket Income 703 200 $
Level 3 -- Attendance: 2889 (96,30%) -- Ticket Income 260 010 $
Level 4 -- Attendance: 5000 (100,00%) -- Ticket Income 330 000 $
Luxury Box -- Attendance: 1203 (75,19%) -- Ticket Income 318 795 $
Game was played at the GC Place.
Total Attendance: 22124 (91,05%)
Total Ticket Income: 2 759 525 $
Other Expense: 27 595 $
Total Income: 2 731 930 $

ANAHEIM OUTLAWS

5 vs 5 Forward 
   Center                   Left Wing                Right Wing               Time % Phy DF OF 
 1 Michael Rasmussen        Jeff Skinner             Evgeny Kuznetsov         36     1   2  2  
 2 Adrian Kempe             Michael Bunting          Carter Verhaeghe         31     1   2  2  
 3 Pius Suter               Kent Johnson             Jack Quinn               23     1   2  2  
 4 Kevin Fiala              Pierre Engvall           David Gustafsson         10     1   2  2  

5 vs 5 Defense 
   Defense                  Defense                                           Time % Phy DF OF 
 1 Jacob Trouba             Morgan Rielly                                     36     1   2  2  
 2 Noah Hanifin             Henri Jokiharju                                   31     1   2  2  
 3 Rasmus Ristolainen       Ian Mitchell                                      23     1   2  2  
 4 Noah Hanifin             Morgan Rielly                                     10     1   2  2  

PowerPlay Forward 
   Center                   Left Wing                Right Wing               Time % Phy DF OF 
 1 Kevin Fiala              Jeff Skinner             Kent Johnson             55     1   2  2  
 2 Michael Rasmussen        Michael Bunting          Evgeny Kuznetsov         45     1   2  2  

PowerPlay Defense
   Defense                  Defense                                           Time % Phy DF OF 
 1 Jacob Trouba             Morgan Rielly                                     55     1   2  2  
 2 Noah Hanifin             Henri Jokiharju                                   45     1   2  2  

Penalty Kill 4 Players Forward 
   Center                   Wing                     Time % Phy DF OF 
 1 Kent Johnson             Evgeny Kuznetsov         55     1   2  2  
 2 Jeff Skinner             Michael Bunting          45     1   2  2  

Penalty Kill 4 Players Defense
   Defense                  Defense                  Time % Phy DF OF 
 1 Jacob Trouba             Morgan Rielly            55     1   2  2  
 2 Noah Hanifin             Henri Jokiharju          45     1   2  2  

Penalty Kill - 3 Players Forward 
   Forward                                           Time % Phy DF OF 
 1 Kent Johnson                                      55     1   2  2  
 2 Michael Bunting                                   45     1   2  2  

Penalty Kill - 3 Players Defense
   Defense                  Defense                  Time % Phy DF OF 
 1 Rasmus Ristolainen       Jacob Trouba             55     1   2  2  
 2 Noah Hanifin             Henri Jokiharju          45     1   2  2  

4 vs 4 Forward 
   Center                   Wing                     Time % Phy DF OF 
 1 Jeff Skinner             Evgeny Kuznetsov         55     1   2  2  
 2 Kent Johnson             Michael Bunting          45     1   2  2  

4 vs 4 Defense
   Defense                  Defense                  Time % Phy DF OF 
 1 Jacob Trouba             Morgan Rielly            55     1   2  2  
 2 Noah Hanifin             Henri Jokiharju          45     1   2  2  

Last Minutes Offensive
   Center                   Left Wing                Right Wing               Defense                  Defense                  
   Michael Rasmussen        Evgeny Kuznetsov         Jeff Skinner             Jacob Trouba             Morgan Rielly            

Last Minutes Defensive
   Center                   Left Wing                Right Wing               Defense                  Defense                  
   Michael Rasmussen        Evgeny Kuznetsov         Jeff Skinner             Jacob Trouba             Morgan Rielly            

Goaltenders
Starting : Jacob Markstrom          
Backup : Mackenzie Blackwood      

Extra Forwards
Normal : Jeff Skinner, Michael Bunting, Kent Johnson - PP : Michael Bunting, Kent Johnson - PK : Kent Johnson
Extra Defensemen
Normal : Jacob Trouba, Noah Hanifin, Henri Jokiharju - PP : Noah Hanifin - PK : Noah Hanifin, Henri Jokiharju
Penalty Shots
Kent Johnson, Kevin Fiala, Evgeny Kuznetsov, Michael Bunting, Jeff Skinner
Custom OT Lines Forwards
Kevin Fiala, Evgeny Kuznetsov, Jeff Skinner, Michael Bunting, Adrian Kempe, Carter Verhaeghe, David Gustafsson, Pierre Engvall, Kent Johnson, Jack Quinn
Custom OT Lines Defensemen
Rasmus Ristolainen, Morgan Rielly, Noah Hanifin, Henri Jokiharju, Jacob Trouba

Scratches
Joey Anderson (Healthy), Victor Soderstrom (Healthy)

COLORADO GLACIERCATS

5 vs 5 Forward 
   Center                   Left Wing                Right Wing               Time % Phy DF OF 
 1 Anze Kopitar             Jamie Benn               Tage Thompson            35     0   1  4  
 2 Leon Draisaitl           Tomas Hertl              Trevor Moore             35     0   1  4  
 3 Alexander Wennberg       Cole Perfetti            Bryan Rust               26     0   2  3  
 4 Adam Ruzicka             Nino Niederreiter        Tage Thompson            4      0   2  3  

5 vs 5 Defense 
   Defense                  Defense                                           Time % Phy DF OF 
 1 Kristopher Letang        Devon Toews                                       40     0   2  3  
 2 Vladislav Gavrikov       Vince Dunn                                        36     0   2  3  
 3 Mario Ferraro            Dylan Samberg                                     20     0   4  1  
 4 Kristopher Letang        Vince Dunn                                        4      0   1  4  

PowerPlay Forward 
   Center                   Left Wing                Right Wing               Time % Phy DF OF 
 1 Anze Kopitar             Leon Draisaitl           Tage Thompson            50     0   0  5  
 2 Tomas Hertl              Jamie Benn               Bryan Rust               50     1   0  4  

PowerPlay Defense
   Defense                  Defense                                           Time % Phy DF OF 
 1 Kristopher Letang        Devon Toews                                       55     0   0  5  
 2 Vince Dunn               Vladislav Gavrikov                                45     0   0  5  

Penalty Kill 4 Players Forward 
   Center                   Wing                     Time % Phy DF OF 
 1 Alexander Wennberg       Bryan Rust               50     0   5  0  
 2 Anze Kopitar             Tomas Hertl              50     0   5  0  

Penalty Kill 4 Players Defense
   Defense                  Defense                  Time % Phy DF OF 
 1 Vladislav Gavrikov       Kristopher Letang        50     0   5  0  
 2 Devon Toews              Mario Ferraro            50     0   5  0  

Penalty Kill - 3 Players Forward 
   Forward                                           Time % Phy DF OF 
 1 Tomas Hertl                                       50     0   5  0  
 2 Alexander Wennberg                                50     0   5  0  

Penalty Kill - 3 Players Defense
   Defense                  Defense                  Time % Phy DF OF 
 1 Vladislav Gavrikov       Kristopher Letang        50     0   5  0  
 2 Devon Toews              Mario Ferraro            50     0   5  0  

4 vs 4 Forward 
   Center                   Wing                     Time % Phy DF OF 
 1 Anze Kopitar             Tage Thompson            50     0   1  4  
 2 Leon Draisaitl           Tomas Hertl              50     0   1  4  

4 vs 4 Defense
   Defense                  Defense                  Time % Phy DF OF 
 1 Kristopher Letang        Vladislav Gavrikov       45     0   3  2  
 2 Devon Toews              Vince Dunn               55     0   3  2  

Last Minutes Offensive
   Center                   Left Wing                Right Wing               Defense                  Defense                  
   Anze Kopitar             Leon Draisaitl           Tage Thompson            Kristopher Letang        Devon Toews              

Last Minutes Defensive
   Center                   Left Wing                Right Wing               Defense                  Defense                  
   Alexander Wennberg       Tomas Hertl              Leon Draisaitl           Devon Toews              Vladislav Gavrikov       

Goaltenders
Starting : Andrei Vasilevskiy       
Backup : Pheonix Copley           

Extra Forwards
Normal : Anze Kopitar, Tomas Hertl, Leon Draisaitl - PP : Trevor Moore, Alexander Wennberg - PK : Jamie Benn
Extra Defensemen
Normal : Vince Dunn, Mario Ferraro, Dylan Samberg - PP : Vince Dunn - PK : Vince Dunn, Vladislav Gavrikov
Penalty Shots
Tage Thompson, Leon Draisaitl, Anze Kopitar, Tomas Hertl, Jamie Benn
Custom OT Lines Forwards
Anze Kopitar, Leon Draisaitl, Tomas Hertl, Tage Thompson, Jamie Benn, Bryan Rust, Trevor Moore, Alexander Wennberg, Nino Niederreiter, Cole Perfetti
Custom OT Lines Defensemen
Devon Toews, Kristopher Letang, Vince Dunn, Vladislav Gavrikov, Mario Ferraro

Scratches
None


% Time on Ice - ANAHEIM OUTLAWS

Lines # - Real PCT - Wanted PCT - Time Play
Normal Forward
1 - 32% - 36% - 17:25
2 - 31% - 31% - 17:01
3 - 24% - 23% - 13:03
4 - 12% - 10% - 6:34
Normal Defense
1 - 33% - 36% - 17:50
2 - 30% - 31% - 16:27
3 - 30% - 23% - 16:28
4 - 6% - 10% - 3:18
PP Forward
1 - 41% - 55% - 1:38
2 - 59% - 45% - 2:20
PP Defense
1 - 49% - 55% - 1:57
2 - 51% - 45% - 2:01
PK Forward
1 - 69% - 55% - 1:22
2 - 31% - 45% - 0:37
PK Defense
1 - 37% - 55% - 0:44
2 - 63% - 45% - 1:15
PK3 Forward
1 - 0% - 55%
2 - 0% - 45%
PK3 Defense
1 - 0% - 55%
2 - 0% - 45%
44 Forward
1 - 0% - 55%
2 - 0% - 45%
44 Defense
1 - 0% - 55%
2 - 0% - 45%
Last Minute Offensive  - 0:00
Last Minute Defensive  - 0:00
Total
Forward - 60:00
Defense - 60:00

% Time on Ice - COLORADO GLACIERCATS

Lines # - Real PCT - Wanted PCT - Time Play
Normal Forward
1 - 34% - 35% - 18:08
2 - 34% - 35% - 18:33
3 - 26% - 26% - 14:07
4 - 6% - 4% - 3:15
Normal Defense
1 - 38% - 40% - 20:46
2 - 38% - 36% - 20:35
3 - 23% - 20% - 12:42
4 - 0% - 4% - 0:00
PP Forward
1 - 45% - 50% - 0:53
2 - 55% - 50% - 1:06
PP Defense
1 - 58% - 55% - 1:09
2 - 42% - 45% - 0:50
PK Forward
1 - 48% - 50% - 1:54
2 - 52% - 50% - 2:04
PK Defense
1 - 58% - 50% - 2:17
2 - 42% - 50% - 1:41
PK3 Forward
1 - 0% - 50%
2 - 0% - 50%
PK3 Defense
1 - 0% - 50%
2 - 0% - 50%
44 Forward
1 - 0% - 50%
2 - 0% - 50%
44 Defense
1 - 0% - 45%
2 - 0% - 55%
Last Minute Offensive  - 0:00
Last Minute Defensive  - 0:00
Total
Forward - 60:00
Defense - 60:00

Play-by-Play

1st period


0:01 of 1st period - Anze Kopitar wins face-off versus Michael Rasmussen in neutral zone.
0:03 of 1st period - Off-side.
0:04 of 1st period - Adrian Kempe wins face-off versus Leon Draisaitl in neutral zone.
1:05 of 1st period - Icing by Vince Dunn.
1:06 of 1st period - Michael Rasmussen wins face-off versus Leon Draisaitl in COLORADO GLACIERCATS zone.
1:22 of 1st period - Icing by Vince Dunn.
1:23 of 1st period - Leon Draisaitl wins face-off versus Pius Suter in COLORADO GLACIERCATS zone.
1:23 of 1st period - Leon Draisaitl is hit by Kent Johnson.
2:13 of 1st period - Shot by Tage Thompson.
2:13 of 1st period - Stopped by Jacob Markstrom without a rebound.
2:14 of 1st period - Michael Rasmussen wins face-off versus Alexander Wennberg in ANAHEIM OUTLAWS zone.
2:22 of 1st period - Icing by Alexander Wennberg.
2:23 of 1st period - Alexander Wennberg wins face-off versus Michael Rasmussen in COLORADO GLACIERCATS zone.
3:12 of 1st period - Off-side.
3:13 of 1st period - Anze Kopitar wins face-off versus Kevin Fiala in neutral zone.
3:31 of 1st period - Shot by Kevin Fiala.
3:31 of 1st period - Shot Blocked by Devon Toews.
3:41 of 1st period - Icing by Anze Kopitar.
3:42 of 1st period - Anze Kopitar wins face-off versus Adrian Kempe in COLORADO GLACIERCATS zone.
3:44 of 1st period - Icing by Tage Thompson.
3:45 of 1st period - Adrian Kempe wins face-off versus Anze Kopitar in COLORADO GLACIERCATS zone.
3:45 of 1st period - Adrian Kempe is hit by Devon Toews.
4:26 of 1st period - Shot by Michael Bunting.
4:26 of 1st period - Stopped by Andrei Vasilevskiy without a rebound.
4:27 of 1st period - Alexander Wennberg wins face-off versus Michael Rasmussen in COLORADO GLACIERCATS zone.
4:49 of 1st period - Shot by Evgeny Kuznetsov.
4:49 of 1st period - Stopped by Andrei Vasilevskiy without a rebound.
4:50 of 1st period - Leon Draisaitl wins face-off versus Pius Suter in COLORADO GLACIERCATS zone.
5:12 of 1st period - Minor Penalty to Vladislav Gavrikov for Interference.
5:13 of 1st period - Michael Rasmussen wins face-off versus Alexander Wennberg in COLORADO GLACIERCATS zone.
7:09 of 1st period - Shot by Jeff Skinner.
7:09 of 1st period - Shot Misses the Net.
8:34 of 1st period - Shot by Alexander Wennberg.
8:34 of 1st period - Stopped by Jacob Markstrom without a rebound.
8:35 of 1st period - Leon Draisaitl wins face-off versus Kevin Fiala in ANAHEIM OUTLAWS zone.
8:38 of 1st period - Shot by Tomas Hertl.
8:38 of 1st period - Stopped by Jacob Markstrom without a rebound.
8:39 of 1st period - Michael Rasmussen wins face-off versus Leon Draisaitl in ANAHEIM OUTLAWS zone.
8:39 of 1st period - Michael Rasmussen is hit by Tomas Hertl.
8:56 of 1st period - Minor Penalty to Trevor Moore for Interference.
8:57 of 1st period - Alexander Wennberg wins face-off versus Kevin Fiala in COLORADO GLACIERCATS zone.
9:36 of 1st period - Shot by Kevin Fiala.
9:36 of 1st period - Shot Misses the Net.
10:14 of 1st period - Evgeny Kuznetsov is hit by Kristopher Letang and loses puck.
10:17 of 1st period - Shot by Michael Rasmussen.
10:17 of 1st period - Shot Misses the Net.
10:19 of 1st period - Shot by Michael Rasmussen.
10:19 of 1st period - Stopped by Andrei Vasilevskiy without a rebound.
10:20 of 1st period - Anze Kopitar wins face-off versus Michael Rasmussen in COLORADO GLACIERCATS zone.
11:09 of 1st period - Shot by Tage Thompson.
11:09 of 1st period - Shot Blocked by Rasmus Ristolainen.
11:11 of 1st period - Shot by Mario Ferraro.
11:11 of 1st period - Stopped by Jacob Markstrom without a rebound.
11:12 of 1st period - Leon Draisaitl wins face-off versus Kevin Fiala in ANAHEIM OUTLAWS zone.
11:15 of 1st period - Shot by Trevor Moore.
11:15 of 1st period - Shot Misses the Net.
11:17 of 1st period - Shot by Vladislav Gavrikov.
11:17 of 1st period - Shot Misses the Net.
11:37 of 1st period - Shot by Trevor Moore.
11:37 of 1st period - Shot Misses the Net.
12:07 of 1st period - Shot by Anze Kopitar.
12:07 of 1st period - Shot Misses the Net.
12:09 of 1st period - Shot by Anze Kopitar.
12:09 of 1st period - Stopped by Jacob Markstrom without a rebound.
12:10 of 1st period - Pius Suter wins face-off versus Anze Kopitar in ANAHEIM OUTLAWS zone.
12:55 of 1st period - Anze Kopitar is hit by Jack Quinn and loses puck.
13:28 of 1st period - Icing by Ian Mitchell.
13:29 of 1st period - Alexander Wennberg wins face-off versus Michael Rasmussen in ANAHEIM OUTLAWS zone.
13:35 of 1st period - Icing by Rasmus Ristolainen.
13:36 of 1st period - Michael Rasmussen wins face-off versus Leon Draisaitl in ANAHEIM OUTLAWS zone.
13:38 of 1st period - Icing by Jeff Skinner.
13:39 of 1st period - Leon Draisaitl wins face-off versus Michael Rasmussen in ANAHEIM OUTLAWS zone.
13:48 of 1st period - Evgeny Kuznetsov is hit by Tomas Hertl and loses puck.
14:09 of 1st period - Shot by Jeff Skinner.
14:09 of 1st period - Stopped by Andrei Vasilevskiy without a rebound.
14:10 of 1st period - Adrian Kempe wins face-off versus Alexander Wennberg in COLORADO GLACIERCATS zone.
14:33 of 1st period - Shot by Bryan Rust.
14:33 of 1st period - Stopped by Jacob Markstrom without a rebound.
14:34 of 1st period - Anze Kopitar wins face-off versus Pius Suter in ANAHEIM OUTLAWS zone.
14:53 of 1st period - Shot by Jamie Benn.
14:53 of 1st period - Shot Misses the Net.
14:55 of 1st period - Shot by Vince Dunn.
14:55 of 1st period - Stopped by Jacob Markstrom with a rebound.
15:05 of 1st period - Shot by Jamie Benn.
15:05 of 1st period - Shot Misses the Net.
15:07 of 1st period - Shot by Vladislav Gavrikov.
15:07 of 1st period - Stopped by Jacob Markstrom with a rebound.
15:11 of 1st period - Shot by Jamie Benn.
15:11 of 1st period - Shot Blocked by Noah Hanifin.
15:13 of 1st period - Shot by Vince Dunn.
15:13 of 1st period - Stopped by Jacob Markstrom without a rebound.
15:14 of 1st period - Michael Rasmussen wins face-off versus Leon Draisaitl in ANAHEIM OUTLAWS zone.
15:23 of 1st period - Leon Draisaitl is hit by Evgeny Kuznetsov and loses puck.
15:34 of 1st period - Shot by Evgeny Kuznetsov.
15:34 of 1st period - Stopped by Andrei Vasilevskiy without a rebound.
15:35 of 1st period - Adrian Kempe wins face-off versus Alexander Wennberg in COLORADO GLACIERCATS zone.
15:36 of 1st period - Shot by Carter Verhaeghe.
15:36 of 1st period - Shot Blocked by Mario Ferraro.
15:38 of 1st period - Shot by Adrian Kempe.
15:38 of 1st period - Shot Misses the Net.
15:40 of 1st period - Shot by Rasmus Ristolainen.
15:40 of 1st period - Shot Misses the Net.
15:42 of 1st period - Shot by Adrian Kempe.
15:42 of 1st period - Deflect By Carter Verhaeghe.
15:42 of 1st period - Stopped by Andrei Vasilevskiy with a rebound.
17:43 of 1st period - Shot by Jack Quinn.
17:43 of 1st period - Shot Misses the Net.
17:50 of 1st period - Icing by Kristopher Letang.
17:51 of 1st period - Anze Kopitar wins face-off versus Kevin Fiala in COLORADO GLACIERCATS zone.
18:55 of 1st period - Icing by Adrian Kempe.
18:56 of 1st period - Leon Draisaitl wins face-off versus Adrian Kempe in ANAHEIM OUTLAWS zone.
Goals for this period are 0 for ANAHEIM OUTLAWS vs 0 for COLORADO GLACIERCATS.
Shots for this period are 6 for ANAHEIM OUTLAWS vs 9 for COLORADO GLACIERCATS.

2nd period


0:01 of 2nd period - Michael Rasmussen wins face-off versus Trevor Moore in neutral zone.
0:32 of 2nd period - Kristopher Letang is hit by Michael Rasmussen and loses puck.
0:39 of 2nd period - Shot by Jeff Skinner.
0:39 of 2nd period - Stopped by Andrei Vasilevskiy without a rebound.
0:40 of 2nd period - Pius Suter wins face-off versus Anze Kopitar in COLORADO GLACIERCATS zone.
1:19 of 2nd period - Shot by Anze Kopitar.
1:19 of 2nd period - Stopped by Jacob Markstrom without a rebound.
1:20 of 2nd period - Leon Draisaitl wins face-off versus Adrian Kempe in ANAHEIM OUTLAWS zone.
1:20 of 2nd period - Leon Draisaitl is hit by Noah Hanifin.
1:50 of 2nd period - Shot by Tomas Hertl.
1:50 of 2nd period - Stopped by Jacob Markstrom with a rebound.
1:54 of 2nd period - Shot by Tomas Hertl.
1:54 of 2nd period - Stopped by Jacob Markstrom without a rebound.
1:55 of 2nd period - Michael Rasmussen wins face-off versus Alexander Wennberg in ANAHEIM OUTLAWS zone.
2:00 of 2nd period - Shot by Evgeny Kuznetsov.
2:00 of 2nd period - Stopped by Andrei Vasilevskiy with a rebound.
2:10 of 2nd period - Shot by Jeff Skinner.
2:10 of 2nd period - Shot Misses the Net.
2:18 of 2nd period - Shot by Jeff Skinner.
2:18 of 2nd period - Shot Misses the Net.
2:21 of 2nd period - Icing by Bryan Rust.
2:22 of 2nd period - Alexander Wennberg wins face-off versus Pius Suter in COLORADO GLACIERCATS zone.
3:00 of 2nd period - Icing by Noah Hanifin.
3:01 of 2nd period - Pius Suter wins face-off versus Anze Kopitar in ANAHEIM OUTLAWS zone.
3:30 of 2nd period - Shot by Anze Kopitar.
3:30 of 2nd period - Shot Hit the Post.
3:34 of 2nd period - Shot by Tage Thompson.
3:34 of 2nd period - Shot Misses the Net.
3:36 of 2nd period - Shot by Anze Kopitar.
3:36 of 2nd period - Stopped by Jacob Markstrom with a rebound.
3:45 of 2nd period - Tage Thompson is hit by Rasmus Ristolainen and loses puck.
3:50 of 2nd period - Shot by Tage Thompson.
3:50 of 2nd period - Shot Misses the Net.
4:02 of 2nd period - Shot by Jeff Skinner.
4:02 of 2nd period - Shot Blocked by Leon Draisaitl.
4:16 of 2nd period - Shot by Carter Verhaeghe.
4:16 of 2nd period - Goal by Carter Verhaeghe - ANAHEIM OUTLAWS : 1 - COLORADO GLACIERCATS : 0.
4:17 of 2nd period - Alexander Wennberg wins face-off versus Adrian Kempe in neutral zone.
4:17 of 2nd period - Bryan Rust is hit by Michael Bunting and loses puck.
4:21 of 2nd period - Cole Perfetti is hit by Jacob Trouba and loses puck.
4:56 of 2nd period - Shot by Bryan Rust.
4:56 of 2nd period - Shot Misses the Net.
5:48 of 2nd period - Tomas Hertl is hit by Noah Hanifin and loses puck.
6:33 of 2nd period - Shot by Jamie Benn.
6:33 of 2nd period - Stopped by Jacob Markstrom without a rebound.
6:34 of 2nd period - Michael Rasmussen wins face-off versus Adam Ruzicka in ANAHEIM OUTLAWS zone.
6:51 of 2nd period - Shot by Tage Thompson.
6:51 of 2nd period - Shot Blocked by Rasmus Ristolainen.
7:40 of 2nd period - Shot by Carter Verhaeghe.
7:40 of 2nd period - Stopped by Andrei Vasilevskiy without a rebound.
7:41 of 2nd period - Leon Draisaitl wins face-off versus Kevin Fiala in COLORADO GLACIERCATS zone.
7:41 of 2nd period - Leon Draisaitl is hit by Pierre Engvall.
7:54 of 2nd period - Leon Draisaitl is hit by Jacob Trouba and loses puck.
8:15 of 2nd period - Off-side.
8:16 of 2nd period - Alexander Wennberg wins face-off versus Adrian Kempe in neutral zone.
8:27 of 2nd period - Vladislav Gavrikov is hit by Adrian Kempe.
9:18 of 2nd period - Devon Toews is hit by Michael Bunting and loses puck.
9:26 of 2nd period - Icing by Kristopher Letang.
9:27 of 2nd period - Anze Kopitar wins face-off versus Michael Rasmussen in COLORADO GLACIERCATS zone.
9:56 of 2nd period - Shot by Evgeny Kuznetsov.
9:56 of 2nd period - Shot Misses the Net.
10:02 of 2nd period - Morgan Rielly is hit by Jamie Benn and loses puck.
10:33 of 2nd period - Shot by Kent Johnson.
10:33 of 2nd period - Stopped by Andrei Vasilevskiy without a rebound.
10:34 of 2nd period - Bryan Rust wins face-off versus Pius Suter in COLORADO GLACIERCATS zone.
11:39 of 2nd period - Henri Jokiharju is hit by Tomas Hertl and loses puck.
12:03 of 2nd period - Shot by Tomas Hertl.
12:03 of 2nd period - Deflect By Leon Draisaitl.
12:03 of 2nd period - Shot Misses the Net.
12:05 of 2nd period - Shot by Trevor Moore.
12:05 of 2nd period - Stopped by Jacob Markstrom without a rebound.
12:06 of 2nd period - Anze Kopitar wins face-off versus Michael Rasmussen in ANAHEIM OUTLAWS zone.
12:09 of 2nd period - Shot by Anze Kopitar.
12:09 of 2nd period - Shot Misses the Net.
12:11 of 2nd period - Shot by Anze Kopitar.
12:11 of 2nd period - Shot Blocked by Morgan Rielly.
12:39 of 2nd period - Shot by Tage Thompson.
12:39 of 2nd period - Stopped by Jacob Markstrom with a rebound.
12:41 of 2nd period - Shot by Jamie Benn.
12:41 of 2nd period - Shot Blocked by Jacob Trouba.
12:43 of 2nd period - Shot by Kristopher Letang.
12:43 of 2nd period - Stopped by Jacob Markstrom with a rebound.
13:25 of 2nd period - Carter Verhaeghe is hit by Leon Draisaitl and loses puck.
13:36 of 2nd period - Shot by Tomas Hertl.
13:36 of 2nd period - Shot Misses the Net.
13:38 of 2nd period - Shot by Vladislav Gavrikov.
13:38 of 2nd period - Deflect By Tomas Hertl.
13:38 of 2nd period - Shot Misses the Net.
13:40 of 2nd period - Shot by Vladislav Gavrikov.
13:40 of 2nd period - Shot Blocked by Henri Jokiharju.
14:00 of 2nd period - Henri Jokiharju is hit by Tomas Hertl.
14:45 of 2nd period - Bryan Rust is hit by Rasmus Ristolainen and loses puck.
14:52 of 2nd period - Shot by Alexander Wennberg.
14:52 of 2nd period - Shot Hit the Post.
15:40 of 2nd period - Morgan Rielly is hit by Tage Thompson.
15:41 of 2nd period - Icing by Morgan Rielly.
15:42 of 2nd period - Adam Ruzicka wins face-off versus Pius Suter in ANAHEIM OUTLAWS zone.
16:03 of 2nd period - Jacob Trouba is hit by Adam Ruzicka and loses puck.
16:10 of 2nd period - Shot by Tage Thompson.
16:10 of 2nd period - Goal by Tage Thompson - ANAHEIM OUTLAWS : 1 - COLORADO GLACIERCATS : 1.
16:11 of 2nd period - Michael Rasmussen wins face-off versus Leon Draisaitl in neutral zone.
17:17 of 2nd period - Shot by Adrian Kempe.
17:17 of 2nd period - Stopped by Andrei Vasilevskiy with a rebound.
17:19 of 2nd period - Shot by Carter Verhaeghe.
17:19 of 2nd period - Shot Blocked by Devon Toews.
17:54 of 2nd period - Shot by Carter Verhaeghe.
17:54 of 2nd period - Shot Misses the Net.
17:56 of 2nd period - Shot by Adrian Kempe.
17:56 of 2nd period - Shot Misses the Net.
18:14 of 2nd period - Icing by Jacob Trouba.
18:15 of 2nd period - Pius Suter wins face-off versus Cole Perfetti in ANAHEIM OUTLAWS zone.
18:36 of 2nd period - Shot by Pius Suter.
18:36 of 2nd period - Stopped by Andrei Vasilevskiy with a rebound.
18:38 of 2nd period - Shot by Morgan Rielly.
18:38 of 2nd period - Stopped by Andrei Vasilevskiy without a rebound.
18:39 of 2nd period - Leon Draisaitl wins face-off versus Kevin Fiala in COLORADO GLACIERCATS zone.
19:00 of 2nd period - Shot by Tomas Hertl.
19:00 of 2nd period - Shot Misses the Net.
19:14 of 2nd period - Shot by Tomas Hertl.
19:14 of 2nd period - Deflect By Leon Draisaitl.
19:14 of 2nd period - Shot Misses the Net.
19:35 of 2nd period - Off-side.
19:36 of 2nd period - Anze Kopitar wins face-off versus Michael Rasmussen in neutral zone.
Goals for this period are 1 for ANAHEIM OUTLAWS vs 1 for COLORADO GLACIERCATS.
Shots for this period are 8 for ANAHEIM OUTLAWS vs 9 for COLORADO GLACIERCATS.

3rd period


0:01 of 3rd period - Anze Kopitar wins face-off versus Michael Rasmussen in neutral zone.
0:14 of 3rd period - Shot by Anze Kopitar.
0:14 of 3rd period - Stopped by Jacob Markstrom without a rebound.
0:15 of 3rd period - Adrian Kempe wins face-off versus Leon Draisaitl in ANAHEIM OUTLAWS zone.
0:36 of 3rd period - Shot by Tomas Hertl.
0:36 of 3rd period - Deflect By Trevor Moore.
0:36 of 3rd period - Shot Misses the Net.
0:44 of 3rd period - Shot by Vince Dunn.
0:44 of 3rd period - Goal by Vince Dunn - ANAHEIM OUTLAWS : 1 - COLORADO GLACIERCATS : 2.
0:45 of 3rd period - Michael Rasmussen wins face-off versus Anze Kopitar in neutral zone.
1:47 of 3rd period - Shot by Carter Verhaeghe.
1:47 of 3rd period - Shot Blocked by Anze Kopitar.
2:55 of 3rd period - Shot by Pius Suter.
2:55 of 3rd period - Deflect By Jack Quinn.
2:55 of 3rd period - Shot Misses the Net.
2:57 of 3rd period - Shot by Jack Quinn.
2:57 of 3rd period - Stopped by Andrei Vasilevskiy without a rebound.
2:58 of 3rd period - Leon Draisaitl wins face-off versus Kevin Fiala in COLORADO GLACIERCATS zone.
3:09 of 3rd period - Shot by Leon Draisaitl.
3:09 of 3rd period - Deflect By Trevor Moore.
3:09 of 3rd period - Shot Misses the Net.
3:11 of 3rd period - Shot by Vince Dunn.
3:11 of 3rd period - Stopped by Jacob Markstrom without a rebound.
3:12 of 3rd period - Jeff Skinner wins face-off versus Alexander Wennberg in ANAHEIM OUTLAWS zone.
3:19 of 3rd period - Shot by Bryan Rust.
3:19 of 3rd period - Stopped by Jacob Markstrom without a rebound.
3:20 of 3rd period - Evgeny Kuznetsov wins face-off versus Leon Draisaitl in ANAHEIM OUTLAWS zone.
3:48 of 3rd period - Shot by Trevor Moore.
3:48 of 3rd period - Shot Misses the Net.
3:50 of 3rd period - Shot by Tomas Hertl.
3:50 of 3rd period - Stopped by Jacob Markstrom without a rebound.
3:51 of 3rd period - Adrian Kempe wins face-off versus Alexander Wennberg in ANAHEIM OUTLAWS zone.
3:51 of 3rd period - Adrian Kempe is hit by Cole Perfetti.
3:56 of 3rd period - Noah Hanifin is hit by Dylan Samberg and loses puck.
4:25 of 3rd period - Shot by Alexander Wennberg.
4:25 of 3rd period - Shot Misses the Net.
5:17 of 3rd period - Leon Draisaitl is hit by Michael Rasmussen and loses puck.
5:21 of 3rd period - Vladislav Gavrikov is hit by Jacob Trouba and loses puck.
5:43 of 3rd period - Michael Rasmussen is hit by Devon Toews.
5:53 of 3rd period - Shot by Jeff Skinner.
5:53 of 3rd period - Shot Misses the Net.
5:55 of 3rd period - Shot by Jacob Trouba.
5:55 of 3rd period - Stopped by Andrei Vasilevskiy without a rebound.
5:56 of 3rd period - Alexander Wennberg wins face-off versus Pius Suter in COLORADO GLACIERCATS zone.
6:20 of 3rd period - Shot by Alexander Wennberg.
6:20 of 3rd period - Goal by Alexander Wennberg - ANAHEIM OUTLAWS : 1 - COLORADO GLACIERCATS : 3.
6:21 of 3rd period - Anze Kopitar wins face-off versus Kevin Fiala in neutral zone.
6:53 of 3rd period - Shot by Kevin Fiala.
6:53 of 3rd period - Stopped by Andrei Vasilevskiy without a rebound.
6:54 of 3rd period - Evgeny Kuznetsov wins face-off versus Leon Draisaitl in COLORADO GLACIERCATS zone.
6:59 of 3rd period - Shot by Jeff Skinner.
6:59 of 3rd period - Shot Misses the Net.
7:35 of 3rd period - Minor Penalty to Noah Hanifin for Elbowing.
7:36 of 3rd period - Tomas Hertl wins face-off versus Evgeny Kuznetsov in ANAHEIM OUTLAWS zone.
7:51 of 3rd period - Shot by Jamie Benn.
7:51 of 3rd period - Stopped by Jacob Markstrom without a rebound.
7:52 of 3rd period - Anze Kopitar wins face-off versus Kent Johnson in ANAHEIM OUTLAWS zone.
8:12 of 3rd period - Off-side.
8:13 of 3rd period - Tomas Hertl wins face-off versus Jeff Skinner in neutral zone.
8:37 of 3rd period - Henri Jokiharju is hit by Tomas Hertl and loses puck.
9:18 of 3rd period - Shot by Anze Kopitar.
9:18 of 3rd period - Shot Misses the Net.
9:20 of 3rd period - Shot by Anze Kopitar.
9:20 of 3rd period - Shot Blocked by Ian Mitchell.
9:22 of 3rd period - Shot by Anze Kopitar.
9:22 of 3rd period - Stopped by Jacob Markstrom without a rebound.
9:23 of 3rd period - Jeff Skinner wins face-off versus Tage Thompson in ANAHEIM OUTLAWS zone.
10:53 of 3rd period - Shot by Anze Kopitar.
10:53 of 3rd period - Stopped by Jacob Markstrom without a rebound.
10:54 of 3rd period - Leon Draisaitl wins face-off versus Pius Suter in ANAHEIM OUTLAWS zone.
12:20 of 3rd period - Evgeny Kuznetsov is hit by Kristopher Letang and loses puck.
13:13 of 3rd period - Shot by Alexander Wennberg.
13:13 of 3rd period - Deflect By Bryan Rust.
13:13 of 3rd period - Shot Blocked by Ian Mitchell.
13:15 of 3rd period - Shot by Alexander Wennberg.
13:15 of 3rd period - Shot Misses the Net.
13:17 of 3rd period - Shot by Bryan Rust.
13:17 of 3rd period - Deflect By Cole Perfetti.
13:17 of 3rd period - Shot Misses the Net.
13:19 of 3rd period - Shot by Mario Ferraro.
13:19 of 3rd period - Stopped by Jacob Markstrom without a rebound.
13:20 of 3rd period - Leon Draisaitl wins face-off versus Pius Suter in ANAHEIM OUTLAWS zone.
13:59 of 3rd period - Shot by Leon Draisaitl.
13:59 of 3rd period - Stopped by Jacob Markstrom without a rebound.
14:00 of 3rd period - Kevin Fiala wins face-off versus Alexander Wennberg in ANAHEIM OUTLAWS zone.
14:08 of 3rd period - Icing by Mario Ferraro.
14:09 of 3rd period - Michael Rasmussen wins face-off versus Alexander Wennberg in COLORADO GLACIERCATS zone.
14:09 of 3rd period - Michael Rasmussen is hit by Mario Ferraro.
14:52 of 3rd period - Shot by Michael Rasmussen.
14:52 of 3rd period - Shot Misses the Net.
16:59 of 3rd period - Off-side.
17:00 of 3rd period - Alexander Wennberg wins face-off versus Michael Rasmussen in neutral zone.
17:15 of 3rd period - Shot by Evgeny Kuznetsov.
17:15 of 3rd period - Shot Misses the Net.
17:17 of 3rd period - Shot by Jeff Skinner.
17:17 of 3rd period - Shot Blocked by Dylan Samberg.
17:19 of 3rd period - Shot by Michael Rasmussen.
17:19 of 3rd period - Stopped by Andrei Vasilevskiy with a rebound.
17:21 of 3rd period - Shot by Michael Rasmussen.
17:21 of 3rd period - Stopped by Andrei Vasilevskiy without a rebound.
17:22 of 3rd period - Adrian Kempe wins face-off versus Nino Niederreiter in COLORADO GLACIERCATS zone.
17:35 of 3rd period - Shot by Carter Verhaeghe.
17:35 of 3rd period - Stopped by Andrei Vasilevskiy without a rebound.
17:36 of 3rd period - Michael Rasmussen wins face-off versus Tomas Hertl in COLORADO GLACIERCATS zone.
19:35 of 3rd period - Shot by Carter Verhaeghe.
19:35 of 3rd period - Shot Misses the Net.
19:37 of 3rd period - Shot by Jacob Trouba.
19:37 of 3rd period - Shot Blocked by Vladislav Gavrikov.
19:39 of 3rd period - Shot by Jacob Trouba.
19:39 of 3rd period - Stopped by Andrei Vasilevskiy with a rebound.
Goals for this period are 0 for ANAHEIM OUTLAWS vs 2 for COLORADO GLACIERCATS.
Shots for this period are 7 for ANAHEIM OUTLAWS vs 11 for COLORADO GLACIERCATS.


BLAKE
WHEELER
STEVEN
STAMKOS
DREW
DOUGHTY

EAST COAST

HOCKEY LEAGUE

  • 63.RHI2PIT5
  • 64.WOR4ATL3
  • 65.QUECHW
  • 66.CHATRV